 Dungeon Crawl Stone Soup version 0.31-a0-810-ga77100ea1a (webtiles) character file.

Game seed: 2628082709166582477

483 IdlyInterested the Chopper (level 6, -1/48 HPs)
             Began as a Demonspawn Gladiator on Sept 21, 2023.
             Slain by an ogre
             ... wielding a +0 giant spiked club
              (10 damage)
             ... on level 4 of the Dungeon.
             The game lasted 00:10:57 (3075 turns).

IdlyInterested the Chopper (Demonspawn Gladiator)   Turns: 3075, Time: 00:10:58

Health: -1/48      AC: 11    Str: 16    XL:     6   Next: 87%
Magic:  6/6        EV:  8    Int:  9    God:
Gold:   93         SH:  5    Dex: 15    Spells: 5/5 levels left

rFire   . . .        a - +0 war axe
rCold   . . .        (no shield)
rNeg    . . .        y - +0 chain mail
rPois   .            r - +2 helmet
rElec   .            (no cloak)
rCorr   .            (no gloves)
SInv    .            (no boots)
Will    +....        b - amulet of reflection Stlth
                     p - ring of willpower
HPRegen 0.28/turn    (no ring)
MPRegen 0.10/turn

%: reflection
@: no status effects
A: claws 1, hooves 1, weakness stinger 2
a: no special abilities


You were on level 4 of the Dungeon.
You visited 1 branch of the dungeon, and saw 4 of its levels.

You collected 165 gold pieces.
You spent 72 gold pieces at shops.

Inventory:

Hand Weapons
 a - a +0 war axe (weapon)
 f - a +0 spear
 z - a +0 falchion of pain
 D - a +0 war axe
 E - a +3 mace
 F - a +1 mace of protection
Missiles
 c - a boomerang
 d - 3 throwing nets
 e - 2 javelins
 j - 12 stones (quivered)
Armour
 r - a +2 helmet (worn)
 y - a +0 chain mail (worn)
Jewellery
 b - an amulet of reflection (around neck)
 p - a ring of willpower (left claw)
Wands
 l - a wand of polymorph (7)
 w - a wand of iceblast (14)
 G - a wand of paralysis (7)
Scrolls
 i - a scroll of teleportation
 m - a scroll of fog
 o - 2 scrolls of blinking
 q - a scroll of silence
 s - a scroll of revelation {unknown}
 v - a scroll of vulnerability {unknown}
 B - a scroll of poison {unknown}
 C - a scroll of enchant weapon {unknown}
Potions
 g - a potion of might {unknown}
 h - a potion of curing
 n - a potion of heal wounds {unknown}
 t - a potion of berserk rage {unknown}
 u - a potion of enlightenment {unknown}
 x - a potion of lignification {unknown}
 A - a potion of ambrosia {unknown}


   Skills:
 - Level 4.0 Fighting
 + Level 4.1 Axes
 - Level 2.0 Throwing
 - Level 2.0 Armour
 - Level 2.6 Dodging
 - Level 2.0 Stealth
 * Level 2.5 Unarmed Combat
 - Level 2.0 Evocations


You had 5 spell levels left.
You didn't know any spells.
Your spell library contained the following spells:

 Spells                   Type           Power      Damage    Failure   Level
 Freeze                   Ice            0%         1d3       99%         1
 Shock                    Conj/Air       0%         1d3       99%         1
 Frozen Ramparts          Ice            0%         1d1       100%        3
 Hailstorm                Conj/Ice       0%         3d3       100%        3
 Swiftness                Air            0%         N/A       100%        3
 Airstrike                Air            0%         2d(0-16)  100%        4


Dungeon Overview and Level Annotations

Branches:
Dungeon (4/15)
 Temple: D:4-7

Altars:

Shops:
D:2 *


Innate Abilities, Weirdness & Mutations

You have sharp fingernails.
You have large cloven feet.
You have a tail ending in a sharp stinger.


Message History

The cerulean imp hits you from afar with a +1 spear.
You barely miss Natasha.
Natasha is almost dead.
Natasha completely misses you. The cerulean imp barely misses you.
You slash Natasha!
You kill Natasha!
Natasha screams in fury as she dies!
The cerulean imp disappears in a puff of smoke!
Things that are here:
a +0 dagger; a +0 whip You start resting.
A goblin comes into view. It is wielding a +0 club.
You slash the goblin!
You kill the goblin!
You now have 93 gold pieces (gained 16).
Things that are here:
a +0 club; a goblin corpse
G - a wand of paralysis (7)
Things that are here:
a +1 dagger of venom; a +0 leather armour; the goblin corpse of Ijyb
H - a +0 leather armour You start resting.
HP restored.
You drop a +0 short sword.
You drop a +0 leather armour.
An ogre comes into view. It is wielding a +0 giant spiked club.
The ogre shouts!
You slash the ogre! Your kick misses the ogre.
The ogre is moderately wounded.
The ogre hits you with a +0 giant spiked club!
You hit the ogre. You kick the ogre. You tail-slap the ogre.
The ogre is heavily wounded.
The ogre hits you with a +0 giant spiked club!!
Ouch! That really hurt!
* * * LOW HITPOINT WARNING * * *
You hit the ogre. Your kick misses the ogre. You tail-slap the ogre.
You claw the ogre.
The ogre is almost dead.
The ogre hits you with a +0 giant spiked club!
You die...

#..........## ####
#.##........###...
#######..#...#..........
#..#..##........##......
.....#.#.#?...........
....#.#.##...........
#.##...[).[.........
#....†##)....)......
#..@..###...#.......
#$.....#O..#
##.###......
#.#.##.##..#
#...#....... #
.......##...##.....#
#..####..............
#... .....##....... ###.
.............. .
.###......8.8 ..##.....


You could see an ogre.

Vanquished Creatures
  Menkaure (D:4)
  3 orc priests (D:3)
  Terence (D:2)
  Ijyb (D:4)
  Natasha (twice) (D:4)
  A gnoll (D:1)
  7 adders
  A shadow imp (D:4)
  An ufetubus (D:4)
  2 dart slugs (D:3)
  11 orcs
  5 ball pythons
  3 bats
  9 endoplasms
  10 goblins
  4 hobgoblins
  7 kobolds
  2 quokkas
  2 frilled lizards (D:2)
  9 rats
82 creatures vanquished.

Notes
Turn   | Place    | Note
-------+----------+-------------------------------------------
     0 | D:1      | IdlyInterested the Demonspawn Gladiator began the quest for
                  | the Orb.
     0 | D:1      | Reached XP level 1. HP: 16/16 MP: 1/1
   147 | D:1      | Reached skill level 1 in Armour
   148 | D:1      | Discovered your monstrous ancestry.
   148 | D:1      | Gained mutation: You have a small tail. [demonic ancestry]
   148 | D:1      | Reached XP level 2. HP: 22/22 MP: 2/2
   181 | D:1      | Reached skill level 1 in Stealth
   562 | D:1      | Gained mutation: You have a tail ending in a sharp stinger.
                  | [demonic ancestry]
   562 | D:1      | Reached XP level 3. HP: 25/28 MP: 3/3
  1024 | D:2      | Found Powul's Assorted Antiques.
  1033 | D:2      | Bought a sapphire potion for 17 gold pieces
  1033 | D:2      | Bought a scroll labelled ROUNIA JUDY for 19 gold pieces
  1033 | D:2      | Bought a scroll labelled XEW SUDADD for 19 gold pieces
  1033 | D:2      | Bought a silvery potion for 17 gold pieces
  1037 | D:2      | Noticed Terence
  1048 | D:2      | Killed Terence
  1049 | D:2      | Gained mutation: You have large cloven feet. [demonic
                  | ancestry]
  1049 | D:2      | Reached XP level 4. HP: 25/35 MP: 4/4
  1304 | D:2      | Found a faded altar of an unknown god.
  1783 | D:3      | Gained mutation: You have sharp fingernails. [demonic
                  | ancestry]
  1783 | D:3      | Reached XP level 5. HP: 41/41 MP: 5/5
  1874 | D:3      | Reached skill level 1 in Evocations
  2662 | D:4      | Noticed Natasha
  2664 | D:4      | Reached XP level 6. HP: 35/47 MP: 6/6
  2671 | D:4      | Killed Natasha
  2790 | D:4      | Noticed Menkaure
  2797 | D:4      | Killed Menkaure
  2927 | D:4      | Noticed Ijyb
  2931 | D:4      | Paralysed by Ijyb for 5 turns
  2938 | D:4      | Paralysed by Ijyb for 4 turns
  2942 | D:4      | Killed Ijyb
  2986 | D:4      | Noticed Natasha
  2994 | D:4      | Killed Natasha
  3075 | D:4      | Slain by an ogre

Illustrated notes

Levels and vault maps discovered:
D:1:      amcnicky_arrival_choice, layout_basic
D:2:      layout_loops_ring, serial_shops, nicolae_shop_hallway_stairs,
          shapermc_ecumenical_altar_mp_highgroup, uniq_terence
D:3:      minmay_evil_eye, layout_basic, tso_metal_star, nicolae_half_adder
D:4:      layout_cave_pools, serial_column_ruins, column_ruins_columns_straight,
          column_ruins_grid_1, column_ruins_corridor_corner, uniq_menkaure,
          uniq_ijyb, uniq_edmund, uniq_natasha

Skill      XL: |  1  2  3  4  5  6 |
---------------+-------------------+-----
Armour         | 1 2 |  2.0
Axes           | 3 4 |  4.1
Stealth        | 1 2 |  2.0
Throwing       | 2 |  2.0
Fighting       | 3 4 |  4.0
Evocations     | 2 |  2.0
Unarmed Combat | 2 |  2.5
Dodging        | |  2.6

Action                     |  1- 3 |  4- 6 || total
---------------------------+-------+-------++-------
  Melee: War axe           |    74 |   121 ||   195
         Tailslap          |     7 |    19 ||    26
         Kick              |       |    23 ||    23
         Punch             |       |     1 ||     1
  Throw: Javelin           |       |     1 ||     1
  Evoke: Wand              |       |     1 ||     1
    Use: Potion            |     1 |     1 ||     2
         Scroll            |       |     5 ||     5
   Stab: Sleeping          |     1 |       ||     1
 Armour: Leather armour    |    35 |       ||    35
         Scale mail        |       |    17 ||    17
         Chain mail        |       |   112 ||   112
  Dodge: Dodged            |    54 |    56 ||   110
  Block: Other             |       |    36 ||    36

Table legend: (Time is in decaauts)
 A = Elapsed time spent in this place.
 B = Non-inter-level travel time spent in this place.
 C = Inter-level travel time spent in this place.
 D = Time resting spent in this place.
 E = Time spent auto-exploring this place.
 F = Levels seen in this place.
 G = Mean time per level.
                   A        B        C        D        E       F      G
               +--------+--------+--------+--------+--------+-----+--------+
         Total |   3140 |   2808 |    332 |    364 |   1586 |   4 |  785.0 |
       Dungeon |   3140 |   2808 |    332 |    364 |   1586 |   4 |  785.0 |
               +--------+--------+--------+--------+--------+-----+--------+

Top non-repeatable levels by time:
     D:3: 1263 daAuts
     D:2: 813 daAuts
     D:1: 776 daAuts
     D:4: 286 daAuts
